Detroit Red Wings vs Vancouver Canucks
(R1)
Created - Monday, October 16, 2023 at 06:44
Goals
|
| Detroit Red Wings |
2 |
0 |
0 |
2 |
| Vancouver Canucks |
1 |
0 |
3 |
4 |
|
Shots
|
| Detroit Red Wings |
12 |
7 |
9 |
28 |
| Vancouver Canucks |
13 |
8 |
15 |
36 |
|
1st period
1. Detroit Red Wings , Mika Zibanejad 19 (Matthew Boldy 20) at 9:45
2. Vancouver Canucks , Casey Mittelstadt 5 (Kasperi Kapanen 9) at 10:36
3. Detroit Red Wings , Steven Stamkos 22 (Patrick Kane 19, Shayne Gostisbehere 10) at 18:18 (PP)
Penalties :
Steven Stamkos (DET) for Charging (Minor) at 2:50, Anton Lundell (VAN) for Hooking (Minor) at 16:24
2nd period
No Goal
Penalties :
Zach Bogosian (DET) for High sticking (Minor) at 1:49, Robby Fabbri (VAN) for Holding (Minor) at 6:23, Anton Lundell (VAN) for Tripping (Minor) at 9:55, Mikko Rantanen (VAN) for Interference (Minor) at 17:07
3rd period
4. Vancouver Canucks , Casey Mittelstadt 6 (Artturi Lehkonen 19, Anton Lundell 6) at 6:55 (PP)
5. Vancouver Canucks , Mikko Rantanen 22 (Aleksander Barkov 24) at 9:13
6. Vancouver Canucks , Kasperi Kapanen 6 (Casey Mittelstadt 12, Anton Lundell 7) at 16:01
Penalties :
Zach Bogosian (DET) for High sticking (Minor) at 6:17, Jonathan Huberdeau (DET) for High sticking (Minor) at 11:12, Anton Lundell (VAN) for Roughing (Minor) at 17:33
Goalie Stats
Vitek Vanecek (DET), 32 saves from 36 shots - (0.889), L, 7-7-2, 60:00 minutes
Ville Husso (VAN), 26 saves from 28 shots - (0.929), W, 4-7-2, 60:00 minutes
Players Stats for Detroit Red Wings
Player Name G A P +/- PIM S H SB GA TA FO MP PP MP PK MP
------------------------------------------------------------------------------------
Arthur Kaliyev 0 0 0 0 0 1 0 1 0 0 0/1 6:42 0:00 0:00
Brock Nelson 0 0 0 -1 0 1 0 1 0 0 13/24 17:07 0:00 3:28
Carter Verhaeghe 0 0 0 1 0 0 2 0 0 0 0/0 16:45 4:58 0:00
Daniel Sprong 0 0 0 -2 0 2 0 0 0 0 0/0 12:01 0:00 0:13
Jared McCann 0 0 0 -2 0 4 0 0 0 0 1/6 16:10 4:47 0:13
Jonathan Huberdeau 0 0 0 -2 2 0 0 1 0 1 0/0 11:17 0:00 0:00
Josh Bailey 0 0 0 0 0 0 0 1 0 0 0/0 9:26 0:05 2:54
Kevin Shattenkirk 0 0 0 -2 0 2 1 3 0 1 0/0 27:20 5:06 3:18
MacKenzie Weegar 0 0 0 -2 0 0 1 1 0 1 0/0 27:20 5:06 3:18
Matthew Boldy 0 1 1 1 0 5 3 0 0 0 0/0 16:48 5:00 0:00
Michael Del Zotto 0 0 0 1 0 1 0 3 0 1 0/0 14:36 4:44 0:00
Mika Zibanejad 1 0 1 1 0 4 1 0 2 0 7/16 20:20 5:00 3:28
Patrick Kane 0 1 1 -1 0 3 0 1 2 0 1/1 18:35 4:50 0:00
Philippe Myers 0 0 0 1 0 0 0 3 0 1 0/0 13:07 0:00 3:17
Sean Couturier 0 0 0 0 0 1 0 0 1 1 6/8 9:36 0:00 2:54
Shayne Gostisbehere 0 1 1 -1 0 0 1 1 0 1 0/0 22:50 4:44 3:17
Steven Stamkos 1 0 1 -1 2 4 7 0 1 0 3/6 18:35 4:50 0:00
Zach Bogosian 0 0 0 -1 4 0 1 2 0 0 0/0 14:46 0:00 0:00
Players Stats for Vancouver Canucks
Player Name G A P +/- PIM S H SB GA TA FO MP PP MP PK MP
------------------------------------------------------------------------------------
Adam Boqvist 0 0 0 1 0 1 1 1 0 0 0/0 15:26 0:04 0:00
Aleksander Barkov 0 1 1 1 0 3 1 0 1 0 16/29 15:04 0:00 0:00
Anton Lundell 0 2 2 1 6 0 1 0 0 0 0/0 13:31 3:02 1:31
Artturi Lehkonen 0 1 1 1 0 5 4 0 0 0 0/0 18:02 3:02 0:00
Casey Mittelstadt 2 1 3 1 0 4 1 1 0 0 3/5 15:09 3:02 3:36
Clayton Keller 0 0 0 0 0 0 1 0 3 0 1/2 16:34 3:32 0:32
Jake Bean 0 0 0 1 0 0 1 4 0 0 0/0 23:00 3:52 4:16
Jesperi Kotkaniemi 0 0 0 0 0 2 0 1 0 0 3/12 16:25 3:29 0:35
Kasperi Kapanen 1 1 2 1 0 1 0 0 0 0 0/0 8:31 0:04 0:00
Maxence Guenette 0 0 0 0 0 0 0 2 0 0 0/0 9:16 0:00 0:00
Mikko Rantanen 1 0 1 1 2 3 2 1 1 1 0/1 21:06 3:32 2:27
Miro Heiskanen 0 0 0 1 0 3 1 1 0 0 0/0 28:00 3:56 4:16
Noah Cates 0 0 0 0 0 2 1 1 0 0 4/5 13:02 0:00 5:24
Noah Hanifin 0 0 0 1 0 4 0 1 0 1 0/0 27:32 2:39 5:34
Olli Maatta 0 0 0 0 0 0 1 2 0 3 0/0 16:45 2:39 5:34
Robby Fabbri 0 0 0 0 2 0 1 0 1 0 1/1 12:26 0:01 0:00
Sam Lafferty 0 0 0 0 0 1 0 2 0 1 3/7 13:08 0:00 5:35
Taylor Raddysh 0 0 0 0 0 7 0 0 1 0 0/0 7:07 0:01 0:00
3 Stars
1 - Casey Mittelstadt (VAN)
2 - Kasperi Kapanen (VAN)
3 - Artturi Lehkonen (VAN)
Power Play
Detroit Red Wings - 1 on 6 Attempt(s) - 16.67%
Vancouver Canucks - 1 on 3 Attempt(s) - 33.33%
Penalty Kill
Detroit Red Wings - 2 on 3 Attempt(s) - 66.67%
- Score 0 goal in Penalty Kill
Vancouver Canucks - 5 on 6 Attempt(s) - 83.33%
- Score 0 goal in Penalty Kill
Team Stat
Detroit Red Wings - Hits : 17 - Faceoff Wins : 31 - Blocked Shots : 18 - Penalty Minutes : 8
Vancouver Canucks - Hits : 16 - Faceoff Wins : 31 - Blocked Shots : 17 - Penalty Minutes : 10
Official
Referees : Dave Jackson and Jon Mclsaac
Linesman : Brian Mach and Derek Nansen
Game Notes
2:25 of 2nd period - Vancouver Canucks goal is going for a video replay. After video review, No Goal. The puck has been kicked using a distinct kicking motion.
5:25 of 3rd period - Penalty Shot by Jake Bean for Vancouver Canucks - Stopped by Vitek Vanecek
Finance
Level 1 -- Attendance: 4975 (82.92%) -- Ticket Income $492,525
Level 2 -- Attendance: 3725 (74.50%) -- Ticket Income $219,775
Level 3 -- Attendance: 2734 (91.13%) -- Ticket Income $92,956
Level 4 -- Attendance: 4171 (83.42%) -- Ticket Income $100,104
Luxury Box -- Attendance: 814 (81.40%) -- Ticket Income $161,986
Game was played at the Rogers Arena.
Total Attendance: 16419 (82.10%)
Total Ticket Income: $1,067,346
Other Income: $373,571
Total Income: $1,440,917
Detroit Red Wings
5 vs 5 Forward
Center Left Wing Right Wing Time % Phy DF OF
1 Brock Nelson Steven Stamkos Patrick Kane 35 1 1 3
2 Mika Zibanejad Carter Verhaeghe Matthew Boldy 30 1 2 2
3 Jared McCann Jonathan Huberdeau Daniel Sprong 25 2 2 1
4 Sean Couturier Josh Bailey Arthur Kaliyev 10 2 2 1
5 vs 5 Defense
Defense Defense Time % Phy DF OF
1 Kevin Shattenkirk MacKenzie Weegar 40 1 2 2
2 Zach Bogosian Shayne Gostisbehere 30 1 2 2
3 Philippe Myers Michael Del Zotto 20 3 1 1
4 Kevin Shattenkirk MacKenzie Weegar 10 1 2 2
PowerPlay Forward
Center Left Wing Right Wing Time % Phy DF OF
1 Mika Zibanejad Carter Verhaeghe Matthew Boldy 50 1 2 2
2 Steven Stamkos Jared McCann Patrick Kane 50 1 0 4
PowerPlay Defense
Defense Defense Time % Phy DF OF
1 Kevin Shattenkirk MacKenzie Weegar 50 1 2 2
2 Shayne Gostisbehere Michael Del Zotto 50 1 2 2
Penalty Kill 4 Players Forward
Center Wing Time % Phy DF OF
1 Mika Zibanejad Brock Nelson 50 1 2 2
2 Sean Couturier Josh Bailey 50 2 2 1
Penalty Kill 4 Players Defense
Defense Defense Time % Phy DF OF
1 Kevin Shattenkirk MacKenzie Weegar 50 1 2 2
2 Philippe Myers Shayne Gostisbehere 50 2 2 1
Penalty Kill - 3 Players Forward
Forward Time % Phy DF OF
1 Mika Zibanejad 50 1 2 2
2 Brock Nelson 50 1 2 2
Penalty Kill - 3 Players Defense
Defense Defense Time % Phy DF OF
1 Kevin Shattenkirk MacKenzie Weegar 50 1 2 2
2 Philippe Myers Shayne Gostisbehere 50 2 2 1
4 vs 4 Forward
Center Wing Time % Phy DF OF
1 Mika Zibanejad Carter Verhaeghe 60 1 2 2
2 Steven Stamkos Matthew Boldy 40 1 1 3
4 vs 4 Defense
Defense Defense Time % Phy DF OF
1 Kevin Shattenkirk MacKenzie Weegar 60 1 2 2
2 Shayne Gostisbehere Michael Del Zotto 40 1 2 2
Last Minutes Offensive
Center Left Wing Right Wing Defense Defense
Mika Zibanejad Steven Stamkos Matthew Boldy Kevin Shattenkirk MacKenzie Weegar
Last Minutes Defensive
Center Left Wing Right Wing Defense Defense
Sean Couturier Mika Zibanejad Jared McCann Kevin Shattenkirk MacKenzie Weegar
Goaltenders
Starting : Vitek Vanecek
Backup : Laurent Brossoit
Extra Forwards
Normal : Sean Couturier, Daniel Sprong, Arthur Kaliyev - PP : Josh Bailey, Arthur Kaliyev - PK : Jared McCann
Extra Defensemen
Normal : Philippe Myers, Michael Del Zotto, Kevin Shattenkirk - PP : Michael Del Zotto - PK : Philippe Myers, Michael Del Zotto
Penalty Shots
Mika Zibanejad, Steven Stamkos, Matthew Boldy, Carter Verhaeghe, Jared McCann
Vancouver Canucks
5 vs 5 Forward
Center Left Wing Right Wing Time % Phy DF OF
1 Aleksander Barkov Artturi Lehkonen Mikko Rantanen 40 1 2 2
2 Jesperi Kotkaniemi Robby Fabbri Clayton Keller 30 1 2 2
3 Casey Mittelstadt Anton Lundell Kasperi Kapanen 20 1 2 2
4 Noah Cates Sam Lafferty Taylor Raddysh 10 1 2 2
5 vs 5 Defense
Defense Defense Time % Phy DF OF
1 Noah Hanifin Miro Heiskanen 40 1 2 2
2 Jake Bean Adam Boqvist 30 1 2 2
3 Maxence Guenette Olli Maatta 20 1 2 2
4 Noah Hanifin Miro Heiskanen 10 1 2 2
PowerPlay Forward
Center Left Wing Right Wing Time % Phy DF OF
1 Jesperi Kotkaniemi Clayton Keller Mikko Rantanen 60 0 1 4
2 Casey Mittelstadt Anton Lundell Artturi Lehkonen 40 0 1 4
PowerPlay Defense
Defense Defense Time % Phy DF OF
1 Miro Heiskanen Jake Bean 60 0 1 4
2 Noah Hanifin Olli Maatta 40 0 1 4
Penalty Kill 4 Players Forward
Center Wing Time % Phy DF OF
1 Sam Lafferty Noah Cates 60 1 3 1
2 Casey Mittelstadt Anton Lundell 40 1 3 1
Penalty Kill 4 Players Defense
Defense Defense Time % Phy DF OF
1 Noah Hanifin Olli Maatta 60 1 3 1
2 Miro Heiskanen Jake Bean 40 1 3 1
Penalty Kill - 3 Players Forward
Forward Time % Phy DF OF
1 Noah Cates 60 1 3 1
2 Sam Lafferty 40 1 3 1
Penalty Kill - 3 Players Defense
Defense Defense Time % Phy DF OF
1 Noah Hanifin Olli Maatta 60 1 3 1
2 Miro Heiskanen Jake Bean 40 1 3 1
4 vs 4 Forward
Center Wing Time % Phy DF OF
1 Clayton Keller Mikko Rantanen 60 1 2 2
2 Anton Lundell Artturi Lehkonen 40 1 2 2
4 vs 4 Defense
Defense Defense Time % Phy DF OF
1 Miro Heiskanen Noah Hanifin 60 1 2 2
2 Olli Maatta Jake Bean 40 1 2 2
Last Minutes Offensive
Center Left Wing Right Wing Defense Defense
Anton Lundell Clayton Keller Mikko Rantanen Miro Heiskanen Noah Hanifin
Last Minutes Defensive
Center Left Wing Right Wing Defense Defense
Sam Lafferty Noah Cates Artturi Lehkonen Noah Hanifin Olli Maatta
Goaltenders
Starting : Ville Husso
Backup : Joonas Korpisalo
Extra Forwards
Normal : Mikko Rantanen, Anton Lundell, Artturi Lehkonen - PP : Clayton Keller, Kasperi Kapanen - PK : Mikko Rantanen
Extra Defensemen
Normal : Miro Heiskanen, Noah Hanifin, Olli Maatta - PP : Jake Bean - PK : Noah Hanifin, Adam Boqvist
Penalty Shots
Miro Heiskanen, Anton Lundell, Jesperi Kotkaniemi, Artturi Lehkonen, Mikko Rantanen
% Time on Ice - Detroit Red Wings
Lines # - Real PCT - Wanted PCT - Time Play
Normal Forward
1 - 32% - 35% - 13:56
2 - 29% - 30% - 12:27
3 - 25% - 25% - 10:46
4 - 15% - 10% - 6:26
Normal Defense
1 - 41% - 40% - 17:47
2 - 34% - 30% - 14:49
3 - 23% - 20% - 9:50
4 - 3% - 10% - 1:09
PP Forward
1 - 51% - 50% - 5:00
2 - 49% - 50% - 4:50
PP Defense
1 - 52% - 50% - 5:06
2 - 48% - 50% - 4:44
PK Forward
1 - 53% - 50% - 3:28
2 - 47% - 50% - 3:07
PK Defense
1 - 50% - 50% - 3:18
2 - 50% - 50% - 3:17
PK3 Forward
1 - 0% - 50%
2 - 0% - 50%
PK3 Defense
1 - 0% - 50%
2 - 0% - 50%
44 Forward
1 - 0% - 60%
2 - 0% - 40%
44 Defense
1 - 0% - 60%
2 - 0% - 40%
Last Minute Offensive - 0:00
Last Minute Defensive - 0:00
Total
Forward - 60:00
Defense - 60:00
|
% Time on Ice - Vancouver Canucks
Lines # - Real PCT - Wanted PCT - Time Play
Normal Forward
1 - 36% - 40% - 15:40
2 - 29% - 30% - 12:26
3 - 19% - 20% - 8:25
4 - 16% - 10% - 7:04
Normal Defense
1 - 42% - 40% - 18:15
2 - 34% - 30% - 14:48
3 - 21% - 20% - 9:16
4 - 3% - 10% - 1:16
PP Forward
1 - 54% - 60% - 3:33
2 - 46% - 40% - 3:02
PP Defense
1 - 60% - 60% - 3:56
2 - 40% - 40% - 2:39
PK Forward
1 - 71% - 60% - 6:57
2 - 29% - 40% - 2:53
PK Defense
1 - 57% - 60% - 5:34
2 - 43% - 40% - 4:16
PK3 Forward
1 - 0% - 60%
2 - 0% - 40%
PK3 Defense
1 - 0% - 60%
2 - 0% - 40%
44 Forward
1 - 0% - 60%
2 - 0% - 40%
44 Defense
1 - 0% - 60%
2 - 0% - 40%
Last Minute Offensive - 0:00
Last Minute Defensive - 0:00
Total
Forward - 60:00
Defense - 60:00
|
Play-by-Play
1st period
0:01 of 1st period - Brock Nelson wins face-off versus Aleksander Barkov in neutral zone.
0:08 of 1st period - Wrist shot by Mikko Rantanen.
0:08 of 1st period - Shot Misses the Net.
0:54 of 1st period - Daniel Sprong is hit by Adam Boqvist and loses puck.
1:14 of 1st period - Wrist shot by Arthur Kaliyev.
1:14 of 1st period - Shot Blocked by Sam Lafferty.
1:41 of 1st period - Wrist shot by Mikko Rantanen.
1:41 of 1st period - Stopped by Vitek Vanecek with a rebound.
1:47 of 1st period - Slapshot by Steven Stamkos.
1:47 of 1st period - Stopped by Ville Husso with a rebound.
1:49 of 1st period - Slapshot by Shayne Gostisbehere.
1:49 of 1st period - Shot Blocked by Mikko Rantanen.
2:11 of 1st period - Snap shot by Mika Zibanejad.
2:11 of 1st period - Shot Blocked by Maxence Guenette.
2:27 of 1st period - Wrist shot by Casey Mittelstadt.
2:27 of 1st period - Stopped by Vitek Vanecek without a rebound.
2:28 of 1st period - Brock Nelson wins face-off versus Casey Mittelstadt in Detroit Red Wings zone.
2:50 of 1st period - Minor Penalty to Steven Stamkos for Charging.
2:51 of 1st period - Mika Zibanejad wins face-off versus Jesperi Kotkaniemi in Detroit Red Wings zone.
3:21 of 1st period - Mika Zibanejad is hit by Artturi Lehkonen and loses puck.
4:44 of 1st period - MacKenzie Weegar is hit by Artturi Lehkonen and loses puck.
4:50 of 1st period - Penalty to Steven Stamkos is over, Steven Stamkos is back on ice.
5:21 of 1st period - Slapshot by Matthew Boldy.
5:21 of 1st period - Stopped by Ville Husso with a rebound.
7:13 of 1st period - Aleksander Barkov is hit by MacKenzie Weegar and loses puck.
7:18 of 1st period - Slapshot by Jared McCann.
7:18 of 1st period - Stopped by Ville Husso without a rebound.
7:19 of 1st period - Brock Nelson wins face-off versus Jesperi Kotkaniemi in Vancouver Canucks zone.
7:24 of 1st period - Snap shot by Steven Stamkos.
7:24 of 1st period - Shot Blocked by Jake Bean.
7:30 of 1st period - Snap shot by Patrick Kane.
7:30 of 1st period - Shot Misses the Net.
8:07 of 1st period - Icing by Sean Couturier.
8:08 of 1st period - Noah Cates wins face-off versus Mika Zibanejad in Detroit Red Wings zone.
8:09 of 1st period - Wrist shot by Taylor Raddysh.
8:09 of 1st period - Stopped by Vitek Vanecek with a rebound.
8:11 of 1st period - Slapshot by Noah Hanifin.
8:11 of 1st period - Shot Blocked by Philippe Myers.
8:13 of 1st period - Slapshot by Noah Hanifin.
8:13 of 1st period - Stopped by Vitek Vanecek without a rebound.
8:14 of 1st period - Noah Cates wins face-off versus Mika Zibanejad in Detroit Red Wings zone.
8:15 of 1st period - Backhand shot by Taylor Raddysh.
8:15 of 1st period - Stopped by Vitek Vanecek with a rebound.
8:17 of 1st period - Wrist shot by Sam Lafferty.
8:17 of 1st period - Deflect By Taylor Raddysh.
8:17 of 1st period - Stopped by Vitek Vanecek without a rebound.
8:18 of 1st period - Brock Nelson wins face-off versus Clayton Keller in Detroit Red Wings zone.
8:23 of 1st period - Jesperi Kotkaniemi is hit by Steven Stamkos and loses puck.
8:34 of 1st period - Snap shot by Robby Fabbri.
8:34 of 1st period - Deflect By Clayton Keller.
8:34 of 1st period - Shot Blocked by Kevin Shattenkirk.
8:34 of 1st period - Puck is out of play.
8:35 of 1st period - Mika Zibanejad wins face-off versus Aleksander Barkov in Detroit Red Wings zone.
8:35 of 1st period - Mika Zibanejad is hit by Artturi Lehkonen.
8:51 of 1st period - Backhand shot by Carter Verhaeghe.
8:51 of 1st period - Shot Misses the Net.
9:12 of 1st period - Snap shot by Artturi Lehkonen.
9:12 of 1st period - Stopped by Vitek Vanecek without a rebound.
9:13 of 1st period - Brock Nelson wins face-off versus Jesperi Kotkaniemi in Detroit Red Wings zone.
9:45 of 1st period - Snap shot by Mika Zibanejad.
9:45 of 1st period - Goal by Mika Zibanejad - Detroit Red Wings : 1 - Vancouver Canucks : 0.
9:46 of 1st period - Brock Nelson wins face-off versus Aleksander Barkov in neutral zone.
10:13 of 1st period - Jesperi Kotkaniemi is hit by Matthew Boldy and loses puck.
10:36 of 1st period - Slapshot by Casey Mittelstadt.
10:36 of 1st period - Goal by Casey Mittelstadt - Detroit Red Wings : 1 - Vancouver Canucks : 1.
10:37 of 1st period - Aleksander Barkov wins face-off versus Brock Nelson in neutral zone.
11:05 of 1st period - Snap shot by Robby Fabbri.
11:05 of 1st period - Deflect By Jesperi Kotkaniemi.
11:05 of 1st period - Stopped by Vitek Vanecek with a rebound.
11:39 of 1st period - Wrist shot by Mika Zibanejad.
11:39 of 1st period - Shot Misses the Net.
11:41 of 1st period - Snap shot by MacKenzie Weegar.
11:41 of 1st period - Deflect By Matthew Boldy.
11:41 of 1st period - Stopped by Ville Husso without a rebound.
11:42 of 1st period - Brock Nelson wins face-off versus Aleksander Barkov in Vancouver Canucks zone.
11:55 of 1st period - Snap shot by Patrick Kane.
11:55 of 1st period - Stopped by Ville Husso with a rebound.
11:57 of 1st period - Wrist shot by Steven Stamkos.
11:57 of 1st period - Stopped by Ville Husso without a rebound.
11:58 of 1st period - Clayton Keller wins face-off versus Jared McCann in Vancouver Canucks zone.
12:28 of 1st period - Snap shot by Mika Zibanejad.
12:28 of 1st period - Stopped by Ville Husso with a rebound.
12:30 of 1st period - Snap shot by Matthew Boldy.
12:30 of 1st period - Shot Blocked by Jake Bean.
12:32 of 1st period - Slapshot by Shayne Gostisbehere.
12:32 of 1st period - Shot Blocked by Jesperi Kotkaniemi.
12:34 of 1st period - Slapshot by Shayne Gostisbehere.
12:34 of 1st period - Shot Misses the Net.
12:48 of 1st period - Brock Nelson is hit by Artturi Lehkonen and loses puck.
12:59 of 1st period - Patrick Kane is hit by Mikko Rantanen and loses puck.
13:45 of 1st period - Icing by Sean Couturier.
13:46 of 1st period - Sean Couturier wins face-off versus Aleksander Barkov in Detroit Red Wings zone.
13:46 of 1st period - Sean Couturier is hit by Aleksander Barkov.
14:34 of 1st period - Kasperi Kapanen is hit by Zach Bogosian and loses puck.
15:03 of 1st period - Slapshot by Taylor Raddysh.
15:03 of 1st period - Shot Misses the Net.
15:29 of 1st period - Wrist shot by Aleksander Barkov.
15:29 of 1st period - Shot Misses the Net.
16:24 of 1st period - Minor Penalty to Anton Lundell for Hooking.
16:25 of 1st period - Mika Zibanejad wins face-off versus Sam Lafferty in Vancouver Canucks zone.
16:36 of 1st period - Snap shot by Noah Cates.
16:36 of 1st period - Shot Misses the Net.
17:04 of 1st period - Snap shot by Mika Zibanejad.
17:04 of 1st period - Stopped by Ville Husso with a rebound.
17:06 of 1st period - Slapshot by Matthew Boldy.
17:06 of 1st period - Shot Blocked by Olli Maatta.
17:20 of 1st period - Wrist shot by Mika Zibanejad.
17:20 of 1st period - Shot Hit the Post.
17:22 of 1st period - Slapshot by MacKenzie Weegar.
17:22 of 1st period - Shot Blocked by Olli Maatta.
17:24 of 1st period - Slapshot by Carter Verhaeghe.
17:24 of 1st period - Shot Misses the Net.
17:26 of 1st period - Slapshot by Matthew Boldy.
17:26 of 1st period - Stopped by Ville Husso without a rebound.
17:27 of 1st period - Sam Lafferty wins face-off versus Steven Stamkos in Vancouver Canucks zone.
17:27 of 1st period - Sam Lafferty is hit by Steven Stamkos.
17:35 of 1st period - Slapshot by Patrick Kane.
17:35 of 1st period - Stopped by Ville Husso without a rebound.
17:36 of 1st period - Jared McCann wins face-off versus Sam Lafferty in Vancouver Canucks zone.
17:49 of 1st period - Snap shot by Steven Stamkos.
17:49 of 1st period - Shot Misses the Net.
18:18 of 1st period - Snap shot by Steven Stamkos.
18:18 of 1st period - Goal by Steven Stamkos - Detroit Red Wings : 2 - Vancouver Canucks : 1.
18:19 of 1st period - Aleksander Barkov wins face-off versus Mika Zibanejad in neutral zone.
18:24 of 1st period - Snap shot by Aleksander Barkov.
18:24 of 1st period - Shot Blocked by Kevin Shattenkirk.
18:32 of 1st period - Slapshot by Mikko Rantanen.
18:32 of 1st period - Stopped by Vitek Vanecek with a rebound.
18:34 of 1st period - Slapshot by Artturi Lehkonen.
18:34 of 1st period - Stopped by Vitek Vanecek with a rebound.
18:36 of 1st period - Snap shot by Aleksander Barkov.
18:36 of 1st period - Stopped by Vitek Vanecek with a rebound.
19:09 of 1st period - Snap shot by Taylor Raddysh.
19:09 of 1st period - Shot Misses the Net.
19:11 of 1st period - Snap shot by Noah Cates.
19:11 of 1st period - Stopped by Vitek Vanecek without a rebound.
19:12 of 1st period - Noah Cates wins face-off versus Jared McCann in Detroit Red Wings zone.
19:46 of 1st period - Slapshot by Daniel Sprong.
19:46 of 1st period - Shot Misses the Net.
19:48 of 1st period - Wrist shot by Jared McCann.
19:48 of 1st period - Shot Blocked by Noah Cates.
Goals for this period are 2 for Detroit Red Wings vs 1 for Vancouver Canucks.
Shots for this period are 12 for Detroit Red Wings vs 13 for Vancouver Canucks.
2nd period
0:01 of 2nd period - Aleksander Barkov wins face-off versus Brock Nelson in neutral zone.
0:48 of 2nd period - Slapshot by Taylor Raddysh.
0:48 of 2nd period - Shot Misses the Net.
0:54 of 2nd period - Slapshot by Taylor Raddysh.
0:54 of 2nd period - Shot Blocked by Brock Nelson.
0:56 of 2nd period - Snap shot by Noah Cates.
0:56 of 2nd period - Stopped by Vitek Vanecek without a rebound.
0:57 of 2nd period - Mika Zibanejad wins face-off versus Aleksander Barkov in Detroit Red Wings zone.
1:06 of 2nd period - Wrist shot by Aleksander Barkov.
1:06 of 2nd period - Shot Misses the Net.
1:08 of 2nd period - Slapshot by Miro Heiskanen.
1:08 of 2nd period - Deflect By Mikko Rantanen.
1:08 of 2nd period - Shot Misses the Net.
1:08 of 2nd period - Puck is out of play.
1:09 of 2nd period - Aleksander Barkov wins face-off versus Mika Zibanejad in Detroit Red Wings zone.
1:49 of 2nd period - Minor Penalty to Zach Bogosian for High sticking.
1:50 of 2nd period - Sean Couturier wins face-off versus Jesperi Kotkaniemi in Detroit Red Wings zone.
1:50 of 2nd period - Sean Couturier is hit by Mikko Rantanen.
2:21 of 2nd period - Slapshot by Miro Heiskanen.
2:21 of 2nd period - Shot Blocked by MacKenzie Weegar.
2:23 of 2nd period - Slapshot by Jake Bean.
2:23 of 2nd period - Shot Misses the Net.
2:25 of 2nd period - Wrist shot by Miro Heiskanen.
2:25 of 2nd period - Vancouver Canucks goal is going for a video replay.
2:25 of 2nd period - The goal is refused. The puck has been kicked using a distinct kicking motion..
2:26 of 2nd period - Sean Couturier wins face-off versus Jesperi Kotkaniemi in Detroit Red Wings zone.
3:49 of 2nd period - Penalty to Zach Bogosian is over, Zach Bogosian is back on ice.
3:57 of 2nd period - Slapshot by Taylor Raddysh.
3:57 of 2nd period - Stopped by Vitek Vanecek with a rebound.
3:59 of 2nd period - Snap shot by Sam Lafferty.
3:59 of 2nd period - Stopped by Vitek Vanecek with a rebound.
5:07 of 2nd period - Aleksander Barkov is hit by Steven Stamkos and loses puck.
5:51 of 2nd period - Snap shot by Taylor Raddysh.
5:51 of 2nd period - Shot Blocked by Michael Del Zotto.
5:53 of 2nd period - Slapshot by Adam Boqvist.
5:53 of 2nd period - Stopped by Vitek Vanecek with a rebound.
6:23 of 2nd period - Minor Penalty to Robby Fabbri for Holding.
6:24 of 2nd period - Steven Stamkos wins face-off versus Noah Cates in Vancouver Canucks zone.
6:37 of 2nd period - Snap shot by Steven Stamkos.
6:37 of 2nd period - Shot Blocked by Sam Lafferty.
6:39 of 2nd period - Snap shot by Jared McCann.
6:39 of 2nd period - Stopped by Ville Husso with a rebound.
7:42 of 2nd period - Sam Lafferty is hit by Carter Verhaeghe and loses puck.
8:23 of 2nd period - Penalty to Robby Fabbri is over, Robby Fabbri is back on ice.
8:40 of 2nd period - Snap shot by Robby Fabbri.
8:40 of 2nd period - Deflect By Clayton Keller.
8:40 of 2nd period - Shot Blocked by Kevin Shattenkirk.
8:40 of 2nd period - Puck is out of play.
8:41 of 2nd period - Jesperi Kotkaniemi wins face-off versus Arthur Kaliyev in Detroit Red Wings zone.
8:56 of 2nd period - Snap shot by Jesperi Kotkaniemi.
8:56 of 2nd period - Stopped by Vitek Vanecek without a rebound.
8:57 of 2nd period - Aleksander Barkov wins face-off versus Brock Nelson in Detroit Red Wings zone.
9:00 of 2nd period - Backhand shot by Aleksander Barkov.
9:00 of 2nd period - Shot Blocked by Philippe Myers.
9:02 of 2nd period - Slapshot by Miro Heiskanen.
9:02 of 2nd period - Shot Blocked by Philippe Myers.
9:04 of 2nd period - Snap shot by Miro Heiskanen.
9:04 of 2nd period - Stopped by Vitek Vanecek with a rebound.
9:06 of 2nd period - Wrist shot by Artturi Lehkonen.
9:06 of 2nd period - Shot Misses the Net.
9:12 of 2nd period - Slapshot by Mikko Rantanen.
9:12 of 2nd period - Shot Blocked by Michael Del Zotto.
9:14 of 2nd period - Wrist shot by Noah Hanifin.
9:14 of 2nd period - Stopped by Vitek Vanecek with a rebound.
9:55 of 2nd period - Minor Penalty to Anton Lundell for Tripping.
9:56 of 2nd period - Steven Stamkos wins face-off versus Sam Lafferty in Vancouver Canucks zone.
10:42 of 2nd period - Sam Lafferty is hit by Shayne Gostisbehere and loses puck.
11:55 of 2nd period - Penalty to Anton Lundell is over, Anton Lundell is back on ice.
13:24 of 2nd period - Jonathan Huberdeau is hit by Miro Heiskanen.
13:28 of 2nd period - Jonathan Huberdeau is hit by Clayton Keller and loses puck.
13:36 of 2nd period - Icing by Jonathan Huberdeau.
13:37 of 2nd period - Sean Couturier wins face-off versus Aleksander Barkov in Detroit Red Wings zone.
13:44 of 2nd period - Wrist shot by Sean Couturier.
13:44 of 2nd period - Stopped by Ville Husso with a rebound.
13:46 of 2nd period - Snap shot by Arthur Kaliyev.
13:46 of 2nd period - Stopped by Ville Husso with a rebound.
13:48 of 2nd period - Slapshot by Kevin Shattenkirk.
13:48 of 2nd period - Deflect By Mikko Rantanen.
13:48 of 2nd period - Stopped by Ville Husso with a rebound.
13:50 of 2nd period - Snap shot by Sean Couturier.
13:50 of 2nd period - Shot Misses the Net.
13:52 of 2nd period - Wrist shot by Sean Couturier.
13:52 of 2nd period - Deflect By Arthur Kaliyev.
13:52 of 2nd period - Shot Blocked by Adam Boqvist.
13:52 of 2nd period - Puck is out of play.
13:53 of 2nd period - Brock Nelson wins face-off versus Jesperi Kotkaniemi in Vancouver Canucks zone.
13:54 of 2nd period - Snap shot by Patrick Kane.
13:54 of 2nd period - Shot Misses the Net.
14:08 of 2nd period - Backhand shot by Clayton Keller.
14:08 of 2nd period - Deflect By Jesperi Kotkaniemi.
14:08 of 2nd period - Shot Hit the Post.
14:08 of 2nd period - Puck is out of play.
14:09 of 2nd period - Aleksander Barkov wins face-off versus Mika Zibanejad in Detroit Red Wings zone.
14:26 of 2nd period - Noah Hanifin is hit by Matthew Boldy.
14:29 of 2nd period - Icing by Aleksander Barkov.
14:30 of 2nd period - Aleksander Barkov wins face-off versus Brock Nelson in Vancouver Canucks zone.
14:34 of 2nd period - Off-side.
14:35 of 2nd period - Brock Nelson wins face-off versus Aleksander Barkov in neutral zone.
14:38 of 2nd period - Wrist shot by Patrick Kane.
14:38 of 2nd period - Shot Misses the Net.
14:40 of 2nd period - Slapshot by Kevin Shattenkirk.
14:40 of 2nd period - Stopped by Ville Husso without a rebound.
14:41 of 2nd period - Brock Nelson wins face-off versus Aleksander Barkov in Vancouver Canucks zone.
14:44 of 2nd period - Snap shot by Patrick Kane.
14:44 of 2nd period - Stopped by Ville Husso with a rebound.
15:08 of 2nd period - Clayton Keller is hit by Carter Verhaeghe and loses puck.
17:00 of 2nd period - Slapshot by Jared McCann.
17:00 of 2nd period - Stopped by Ville Husso without a rebound.
17:01 of 2nd period - Brock Nelson wins face-off versus Aleksander Barkov in Vancouver Canucks zone.
17:07 of 2nd period - Minor Penalty to Mikko Rantanen for Interference.
17:08 of 2nd period - Sam Lafferty wins face-off versus Steven Stamkos in Vancouver Canucks zone.
17:08 of 2nd period - Sam Lafferty is hit by Steven Stamkos.
17:43 of 2nd period - Noah Hanifin is hit by Mika Zibanejad and loses puck.
19:07 of 2nd period - Penalty to Mikko Rantanen is over, Mikko Rantanen is back on ice.
19:46 of 2nd period - Mika Zibanejad is hit by Jake Bean and loses puck.
19:57 of 2nd period - Sean Couturier is hit by Anton Lundell and loses puck.
Goals for this period are 0 for Detroit Red Wings vs 0 for Vancouver Canucks.
Shots for this period are 7 for Detroit Red Wings vs 8 for Vancouver Canucks.
3rd period
0:01 of 3rd period - Aleksander Barkov wins face-off versus Brock Nelson in neutral zone.
0:14 of 3rd period - Wrist shot by Steven Stamkos.
0:14 of 3rd period - Shot Misses the Net.
0:52 of 3rd period - Snap shot by Daniel Sprong.
0:52 of 3rd period - Stopped by Ville Husso with a rebound.
0:54 of 3rd period - Slapshot by MacKenzie Weegar.
0:54 of 3rd period - Shot Blocked by Casey Mittelstadt.
1:08 of 3rd period - Snap shot by Aleksander Barkov.
1:08 of 3rd period - Stopped by Vitek Vanecek without a rebound.
1:09 of 3rd period - Aleksander Barkov wins face-off versus Sean Couturier in Detroit Red Wings zone.
1:26 of 3rd period - Snap shot by Aleksander Barkov.
1:26 of 3rd period - Stopped by Vitek Vanecek without a rebound.
1:27 of 3rd period - Robby Fabbri wins face-off versus Brock Nelson in Detroit Red Wings zone.
1:38 of 3rd period - Slapshot by Brock Nelson.
1:38 of 3rd period - Stopped by Ville Husso without a rebound.
1:39 of 3rd period - Aleksander Barkov wins face-off versus Brock Nelson in Vancouver Canucks zone.
2:16 of 3rd period - Snap shot by Miro Heiskanen.
2:16 of 3rd period - Shot Misses the Net.
2:50 of 3rd period - Wrist shot by Arthur Kaliyev.
2:50 of 3rd period - Shot Blocked by Maxence Guenette.
3:08 of 3rd period - Wrist shot by Patrick Kane.
3:08 of 3rd period - Shot Misses the Net.
3:14 of 3rd period - Brock Nelson is hit by Olli Maatta and loses puck.
3:29 of 3rd period - Snap shot by Matthew Boldy.
3:29 of 3rd period - Stopped by Ville Husso without a rebound.
3:30 of 3rd period - Jesperi Kotkaniemi wins face-off versus Mika Zibanejad in Vancouver Canucks zone.
4:01 of 3rd period - Adam Boqvist is hit by Matthew Boldy and loses puck.
4:24 of 3rd period - Mika Zibanejad is hit by Robby Fabbri and loses puck.
4:37 of 3rd period - Snap shot by Matthew Boldy.
4:37 of 3rd period - Deflect By Mika Zibanejad.
4:37 of 3rd period - Stopped by Ville Husso with a rebound.
4:39 of 3rd period - Slapshot by Michael Del Zotto.
4:39 of 3rd period - Deflect By Clayton Keller.
4:39 of 3rd period - Stopped by Ville Husso without a rebound.
4:40 of 3rd period - Patrick Kane wins face-off versus Aleksander Barkov in Vancouver Canucks zone.
4:43 of 3rd period - Wrist shot by Steven Stamkos.
4:43 of 3rd period - Shot Misses the Net.
4:48 of 3rd period - Miro Heiskanen is hit by Steven Stamkos.
4:54 of 3rd period - Snap shot by Artturi Lehkonen.
4:54 of 3rd period - Stopped by Vitek Vanecek with a rebound.
4:56 of 3rd period - Snap shot by Miro Heiskanen.
4:56 of 3rd period - Shot Blocked by Patrick Kane.
5:03 of 3rd period - Icing by Michael Del Zotto.
5:04 of 3rd period - Casey Mittelstadt wins face-off versus Jared McCann in Detroit Red Wings zone.
5:25 of 3rd period - Penalty Shot by Jake Bean for Vancouver Canucks.
5:25 of 3rd period - Snap shot by Jake Bean.
5:25 of 3rd period - Stopped by Vitek Vanecek.
5:26 of 3rd period - Aleksander Barkov wins face-off versus Brock Nelson in Vancouver Canucks zone.
5:26 of 3rd period - Aleksander Barkov is hit by Steven Stamkos.
6:17 of 3rd period - Minor Penalty to Zach Bogosian for High sticking.
6:18 of 3rd period - Sean Couturier wins face-off versus Jesperi Kotkaniemi in Detroit Red Wings zone.
6:55 of 3rd period - Slapshot by Casey Mittelstadt.
6:55 of 3rd period - Goal by Casey Mittelstadt - Detroit Red Wings : 2 - Vancouver Canucks : 2.
6:56 of 3rd period - Brock Nelson wins face-off versus Aleksander Barkov in neutral zone.
7:10 of 3rd period - Snap shot by Aleksander Barkov.
7:10 of 3rd period - Shot Misses the Net.
7:12 of 3rd period - Slapshot by Noah Hanifin.
7:12 of 3rd period - Stopped by Vitek Vanecek without a rebound.
7:13 of 3rd period - Mika Zibanejad wins face-off versus Jesperi Kotkaniemi in Detroit Red Wings zone.
7:18 of 3rd period - Snap shot by Matthew Boldy.
7:18 of 3rd period - Shot Misses the Net.
7:38 of 3rd period - Artturi Lehkonen is hit by Kevin Shattenkirk and loses puck.
7:47 of 3rd period - Snap shot by Artturi Lehkonen.
7:47 of 3rd period - Stopped by Vitek Vanecek with a rebound.
8:07 of 3rd period - Wrist shot by Taylor Raddysh.
8:07 of 3rd period - Stopped by Vitek Vanecek without a rebound.
8:08 of 3rd period - Noah Cates wins face-off versus Mika Zibanejad in Detroit Red Wings zone.
8:11 of 3rd period - Slapshot by Taylor Raddysh.
8:11 of 3rd period - Stopped by Vitek Vanecek without a rebound.
8:12 of 3rd period - Aleksander Barkov wins face-off versus Mika Zibanejad in Detroit Red Wings zone.
9:03 of 3rd period - Wrist shot by Kasperi Kapanen.
9:03 of 3rd period - Shot Blocked by Zach Bogosian.
9:05 of 3rd period - Backhand shot by Casey Mittelstadt.
9:05 of 3rd period - Shot Blocked by Arthur Kaliyev.
9:07 of 3rd period - Slapshot by Miro Heiskanen.
9:07 of 3rd period - Shot Misses the Net.
9:09 of 3rd period - Snap shot by Casey Mittelstadt.
9:09 of 3rd period - Stopped by Vitek Vanecek without a rebound.
9:10 of 3rd period - Aleksander Barkov wins face-off versus Steven Stamkos in Detroit Red Wings zone.
9:11 of 3rd period - Snap shot by Mikko Rantanen.
9:11 of 3rd period - Shot Misses the Net.
9:13 of 3rd period - Snap shot by Mikko Rantanen.
9:13 of 3rd period - Goal by Mikko Rantanen - Detroit Red Wings : 2 - Vancouver Canucks : 3.
9:14 of 3rd period - Aleksander Barkov wins face-off versus Brock Nelson in neutral zone.
9:23 of 3rd period - Slapshot by MacKenzie Weegar.
9:23 of 3rd period - Shot Blocked by Noah Hanifin.
9:25 of 3rd period - Wrist shot by Steven Stamkos.
9:25 of 3rd period - Deflect By Brock Nelson.
9:25 of 3rd period - Shot Misses the Net.
9:25 of 3rd period - Puck is out of play.
9:26 of 3rd period - Brock Nelson wins face-off versus Aleksander Barkov in Vancouver Canucks zone.
9:27 of 3rd period - Snap shot by Steven Stamkos.
9:27 of 3rd period - Stopped by Ville Husso without a rebound.
9:28 of 3rd period - Aleksander Barkov wins face-off versus Brock Nelson in Vancouver Canucks zone.
9:28 of 3rd period - Mikko Rantanen is hit by Steven Stamkos and loses puck.
9:57 of 3rd period - Backhand shot by Jonathan Huberdeau.
9:57 of 3rd period - Shot Misses the Net.
10:05 of 3rd period - Snap shot by Daniel Sprong.
10:05 of 3rd period - Deflect By Aleksander Barkov.
10:05 of 3rd period - Shot Misses the Net.
10:05 of 3rd period - Puck is out of play.
10:06 of 3rd period - Mika Zibanejad wins face-off versus Jesperi Kotkaniemi in Vancouver Canucks zone.
10:54 of 3rd period - Backhand shot by Adam Boqvist.
10:54 of 3rd period - Shot Misses the Net.
10:56 of 3rd period - Backhand shot by Taylor Raddysh.
10:56 of 3rd period - Shot Misses the Net.
10:58 of 3rd period - Snap shot by Sam Lafferty.
10:58 of 3rd period - Shot Blocked by Jonathan Huberdeau.
11:12 of 3rd period - Minor Penalty to Jonathan Huberdeau for High sticking.
11:13 of 3rd period - Jesperi Kotkaniemi wins face-off versus Sean Couturier in Detroit Red Wings zone.
11:16 of 3rd period - Snap shot by Clayton Keller.
11:16 of 3rd period - Shot Blocked by Josh Bailey.
13:12 of 3rd period - Penalty to Jonathan Huberdeau is over, Jonathan Huberdeau is back on ice.
13:46 of 3rd period - Off-side.
13:47 of 3rd period - Aleksander Barkov wins face-off versus Brock Nelson in neutral zone.
14:02 of 3rd period - Philippe Myers is hit by Noah Cates and loses puck.
15:41 of 3rd period - Wrist shot by Noah Cates.
15:41 of 3rd period - Deflect By Taylor Raddysh.
15:41 of 3rd period - Stopped by Vitek Vanecek with a rebound.
15:43 of 3rd period - Slapshot by Noah Hanifin.
15:43 of 3rd period - Stopped by Vitek Vanecek with a rebound.
15:45 of 3rd period - Slapshot by Miro Heiskanen.
15:45 of 3rd period - Shot Blocked by Shayne Gostisbehere.
15:47 of 3rd period - Snap shot by Miro Heiskanen.
15:47 of 3rd period - Stopped by Vitek Vanecek without a rebound.
15:48 of 3rd period - Casey Mittelstadt wins face-off versus Jared McCann in Detroit Red Wings zone.
16:01 of 3rd period - Wrist shot by Kasperi Kapanen.
16:01 of 3rd period - Goal by Kasperi Kapanen - Detroit Red Wings : 2 - Vancouver Canucks : 4.
16:02 of 3rd period - Casey Mittelstadt wins face-off versus Jared McCann in neutral zone.
16:11 of 3rd period - Slapshot by Daniel Sprong.
16:11 of 3rd period - Stopped by Ville Husso with a rebound.
16:13 of 3rd period - Snap shot by Daniel Sprong.
16:13 of 3rd period - Shot Misses the Net.
16:15 of 3rd period - Wrist shot by Jonathan Huberdeau.
16:15 of 3rd period - Shot Blocked by Jake Bean.
17:16 of 3rd period - Wrist shot by Taylor Raddysh.
17:16 of 3rd period - Deflect By Noah Cates.
17:16 of 3rd period - Shot Blocked by Zach Bogosian.
17:16 of 3rd period - Puck is out of play.
17:17 of 3rd period - Sean Couturier wins face-off versus Casey Mittelstadt in Detroit Red Wings zone.
17:17 of 3rd period - Sean Couturier is hit by Casey Mittelstadt.
17:31 of 3rd period - Backhand shot by Sean Couturier.
17:31 of 3rd period - Shot Misses the Net.
17:33 of 3rd period - Minor Penalty to Anton Lundell for Roughing.
17:34 of 3rd period - Mika Zibanejad wins face-off versus Sam Lafferty in Vancouver Canucks zone.
17:35 of 3rd period - Snap shot by Matthew Boldy.
17:35 of 3rd period - Stopped by Ville Husso without a rebound.
17:36 of 3rd period - Sam Lafferty wins face-off versus Mika Zibanejad in Vancouver Canucks zone.
18:06 of 3rd period - Snap shot by Steven Stamkos.
18:06 of 3rd period - Deflect By Jared McCann.
18:06 of 3rd period - Shot Blocked by Miro Heiskanen.
18:06 of 3rd period - Puck is out of play.
18:07 of 3rd period - Steven Stamkos wins face-off versus Mikko Rantanen in Vancouver Canucks zone.
18:10 of 3rd period - Wrist shot by Steven Stamkos.
18:10 of 3rd period - Shot Misses the Net.
18:12 of 3rd period - Backhand shot by MacKenzie Weegar.
18:12 of 3rd period - Shot Blocked by Jake Bean.
18:14 of 3rd period - Snap shot by Kevin Shattenkirk.
18:14 of 3rd period - Shot Misses the Net.
18:16 of 3rd period - Wrist shot by Jared McCann.
18:16 of 3rd period - Stopped by Ville Husso with a rebound.
19:14 of 3rd period - Snap shot by Casey Mittelstadt.
19:14 of 3rd period - Shot Blocked by Michael Del Zotto.
19:33 of 3rd period - Penalty to Anton Lundell is over, Anton Lundell is back on ice.
19:44 of 3rd period - Snap shot by Mikko Rantanen.
19:44 of 3rd period - Shot Misses the Net.
19:46 of 3rd period - Slapshot by Artturi Lehkonen.
19:46 of 3rd period - Stopped by Vitek Vanecek with a rebound.
Goals for this period are 0 for Detroit Red Wings vs 3 for Vancouver Canucks.
Shots for this period are 9 for Detroit Red Wings vs 15 for Vancouver Canucks.
Back to the Top